 Dungeon Crawl Stone Soup version 0.30-a0-634-g8abc85282e (webtiles) character file.

Game seed: 836347479010947118

159 sokol815 the Conjurer (level 5, -3/40 (46) HPs)
             Began as an Octopode Fire Elementalist on Jan 15, 2023.
             Slain by Edmund
             ... wielding a +5 flail of draining
              (9 damage)
             ... on level 4 of the Dungeon.
             The game lasted 00:06:51 (3570 turns).

sokol815 the Conjurer (Octopode Fire Elementalist)  Turns: 3570, Time: 00:06:52

HP:   -3/40 (46)    AC: 22    Str:  8    XL:     5   Next: 40%
MP:   4/8           EV:  2    Int: 19    God:
Gold: 266           SH:  0    Dex: 12    Spells: 4/8 levels left

rFire   . . .      SeeInvis .    h - +2 whip (flame)
rCold   . . .      Faith    .    (no shield)
rNeg    . . .      Spirit   .    (helmet currently unavailable)
rPois   +          Reflect  .    (no amulet)
rElec   .          Harm     .    (no ring)
rCorr   .          Rampage  .    (no ring)
Will    .....      NoTele   +    (no ring)
Stlth   ++                       (no ring)
HPRegen 0.26/turn                (no ring)
MPRegen 0.11/turn                (no ring)
                                 (no ring)
                                 (no ring)

@: tree-form, heavily drained
A: stationary, stasis, torment immunity, boosted hp, almost no armour,
(amphibious), 8 rings, (camouflage 1), (gelatinous body 1), (nimble swimmer 1),
(tentacles)
a: no special abilities


You were on level 4 of the Dungeon.
You were a tree.
You visited 1 branch of the dungeon, and saw 4 of its levels.

You collected 266 gold pieces.

Inventory:

Hand Weapons
 a - a +0 heavy dagger
   (You took it off a goblin on level 1 of the Dungeon)
 h - a +2 whip of flaming (weapon)
   (You took it off a kobold on level 2 of the Dungeon)
Missiles
 c - 5 boomerangs
 e - 7 poisoned darts
 s - 21 stones
Scrolls
 K - a scroll of immolation {!r}
Potions
 i - a potion of magic
 M - a potion of might
 T - a potion of berserk rage {!q}
 U - a potion of mutation {!q}


   Skills:
 - Level 2.0 Dodging
 - Level 2.6 Stealth
 - Level 2.0 Spellcasting
 + Level 3.8 Conjurations
 - Level 3.0 Fire Magic
 * Level 3.0 Earth Magic


You had 4 spell levels left.
You knew the following spells:

 Your Spells              Type           Power      Damage    Failure   Level
a - Foxfire               Conj/Fire      56%        2x1d6     4%          1
x - Stone Arrow           Conj/Erth      30%        3d8       12%         3

Your spell library contained the following spells:

 Spells                   Type           Power      Damage    Failure   Level
 Magic Dart               Conj           64%        1d6       3%          1
 Sandblast                Erth           26%        2d8       4%          1
 Scorch                   Fire           26%        2d6       8%          2
 Passwall                 Tmut/Erth      5%         N/A       14%         2
 Call Imp                 Summ           1%         N/A       26%         2
 Inner Flame              Hex/Fire       7%         N/A       26%         3
 Mephitic Cloud           Conj/Pois/Air  6%         N/A       30%         3
 Kindle Blastsparks       Fire/Tloc/Air  10%        2d10      32%         3
 Flame Wave               Conj/Fire      14%        2d6       38%         4


Dungeon Overview and Level Annotations

Branches:
Dungeon (4/15) Zot: 20428
 Temple: D:4-7

Altars:

Shops:
D:1 (

Annotations:
D:4 Edmund


Innate Abilities, Weirdness & Mutations

You are a tree.
Your roots penetrate the ground, keeping you stationary.
You cannot be teleported.
You are immune to unholy pain and torment.
Your maximum health is greatly increased.
You cannot wear most types of armour.
((You are amphibious.))
You can wear up to eight rings at the same time.
((Your skin changes colour to match your surroundings (Stealth+).))
((Your rubbery body absorbs attacks. (AC +1, EV +1)))
((You are camouflaged when in or above water. (Stealth+)))
((You have tentacles for arms and can constrict up to eight enemies at once.))


Message History

You hit the hound. You burn the hound.
You kill the hound!
Your Earth Magic skill increases to level 3!
You see here a hound corpse.
A kobold comes into view.
It is wielding a +0 club and quivering poisoned darts.
Health restored: 31 You conjure some foxfire!
You now have 7/8 mp.
You conjure some foxfire!
You now have 6/8 mp.
You conjure some foxfire!
The foxfire hits the kobold.
You kill the kobold!
You now have 5/8 mp.
No target in view!
f - a scroll of identify {@r1} MP restored: 8
As you read the scroll of identify {@r1}, it crumbles to dust.
b - 2 potions of degeneration A hobgoblin comes into view.
You drop 2 potions of degeneration {!q}.
You miscast Foxfire.
You are very lightly contaminated with residual magic.
Nothing appears to happen.
You now have 7/8 mp.
You conjure some foxfire!
Edmund the Younger comes into view.
He is wielding a +5 flail of draining.
You now have 6/8 mp.
You conjure some foxfire!
You now have 5/8 mp.
You conjure some foxfire!
The foxfire hits the hobgoblin but does no damage.
The hobgoblin shouts!
The foxfire hits the hobgoblin. x2
You kill the hobgoblin!
You hear a shout!
You now have 4/8 mp.
The foxfire hits Edmund.
The foxfire hits Edmund but does no damage.
The foxfire hits Edmund.
Edmund reads a scroll.
Wisps of shadow swirl around Edmund.
You conjure some foxfire!
The adder bites you.
You are poisoned.
The adder poisons you!
Your magical contamination has completely faded away.
You take 3 damage, and have 28/31 hp.
You now have 3/8 mp.
A kobold comes into view. It is wielding a +0 long sword.
You feel sick.
The kobold shouts!
The foxfire hits the adder.
Edmund says, "You wouldn't believe how much I paid for this flail."
You take 1 damage, and have 27/31 hp.
Edmund attacks as you move away! Edmund barely misses you.
You feel sick. The adder bites you. The jelly barely misses you.
You take 2 damage, and have 25/31 hp.
The jelly attacks as you move away! The jelly barely misses you.
You feel sick. The adder bites you.
You take 4 damage, and have 21/31 hp.
You feel sick.
You take 1 damage, and have 20/31 hp.
The jelly attacks as you move away! The jelly hits you.
You are splashed with acid!
* * * LOW HITPOINT WARNING * * *
You feel sick.
You are no longer poisoned.
The kobold throws a stone.
The stone hits you.
* * * LOW HITPOINT WARNING * * *
You take 13 damage, and have 7/31 hp.
MASSIVE DAMAGE!!
Okay, then.
You feel better. The adder bites you.
Edmund hits you with a +5 flail of draining.
* * * LOW HITPOINT WARNING * * *
You feel drained.
* * * LOW HITPOINT WARNING * * *
The adder bites you.
* * * LOW HITPOINT WARNING * * *
You take 3 damage, and have 4/30 hp.
It was a potion of lignification.
You turn into a tree.
Your roots penetrate the ground.
Edmund hits you with a +5 flail of draining.
* * * LOW HITPOINT WARNING * * *
You feel drained. The adder bites you but does no damage.
The jelly hits you but does no damage.
You now have 5/43 hp.
Unknown command.
You hit Edmund but do no damage. Edmund barely misses you.
The adder bites you but does no damage. The jelly hits you but does no damage.
Edmund hits you but does no damage.
You feel drained.
You hit Edmund but do no damage.
The adder bites you but does no damage. x2
The jelly hits you but does no damage.
Edmund says, "What use are spells, anyway?"
Edmund hits you but does no damage.
You feel drained.
You hit Edmund but do no damage. The adder bites you but does no damage.
The jelly hits you but does no damage.
Edmund hits you with a +5 flail of draining!
You die...

.........######.........###†.
.........+..)................
.........#######.###.##^###..
#$(.....)...# #.# #....###..
#.:.....!...# #.# ##........
#...!.......# #.# #.#......
#?........K.###+####...###.#
#.........J........†...# #..
#.........@♣........<..# ##.
...........S............# ##
.............###.####+#.# #
...########### #.# .# # ...
#.# .# .. #.# .##### #.#
..... #.# ##### #+#


You could see Edmund, a jelly (summoned), an adder (summoned) and a kobold.

Vanquished Creatures
  A hound (D:4)
  An iguana (D:4)
  Natasha (D:2)
  A gnoll (D:2)
  An adder (D:3)
  2 worms
  2 dart slugs
  2 endoplasms (D:3)
  3 giant cockroaches
  4 goblins
  8 hobgoblins
  4 jackals (D:2)
  6 kobolds
  4 quokkas
  3 ball pythons
  2 bats
  A frilled lizard (D:1)
  6 rats
52 creatures vanquished.

Vanquished Creatures (others)
  171 foxfires
171 creatures vanquished.

Grand Total: 223 creatures vanquished

Notes
Turn   | Place    | Note
-------+----------+-------------------------------------------
     0 | D:1      | sokol815 the Octopode Fire Elementalist began the quest for
                  | the Orb.
     0 | D:1      | Reached XP level 1. HP: 11/11 MP: 3/3
   190 | D:1      | Reached skill level 2 in Conjurations
   190 | D:1      | Reached XP level 2. HP: 17/17 MP: 0/5
   447 | D:1      | Found Tifig's Weapon Shoppe.
  1018 | D:1      | Reached XP level 3. HP: 21/21 MP: 2/6
  1523 | D:2      | Reached skill level 3 in Conjurations
  1569 | D:2      | Learned a level 3 spell: Stone Arrow
  1809 | D:2      | Reached skill level 1 in Earth Magic
  2095 | D:2      | Noticed Natasha
  2103 | D:2      | Killed Natasha
  2104 | D:2      | Reached XP level 4. HP: 24/27 MP: 2/7
  2234 | D:2      | Found a faded altar of an unknown god.
  2653 | D:3      | Reached skill level 2 in Earth Magic
  3350 | D:4      | Reached XP level 5. HP: 31/31 MP: 1/8
  3463 | D:4      | Reached skill level 3 in Earth Magic
  3555 | D:4      | Noticed Edmund
  3565 | D:4      | HP: 7/31 [kobold/stone (2)]
  3570 | D:4      | Slain by Edmund

Illustrated notes

Levels and vault maps discovered:
D:1:      saegor_arrival_miasma, layout_basic, serial_rivers,
          chequers_serial_rivers_micro_d, chequers_serial_rivers_small_a,
          chequers_serial_rivers_micro_b, chequers_serial_rivers_micro_e,
          chequers_serial_rivers_marsh, chequers_serial_rivers_marsh,
          serial_shops, nicolae_shop_temple_entry_statues_fountains
D:2:      layout_loops_cross, shapermc_ecumenical_altar_flowoftime, uniq_natasha
D:3:      layout_rooms, chequers_avenue
D:4:      layout_basic, minmay_misc_feat_x, kennysheep_donut,
          uniq_blork_the_orc, uniq_edmund

Skill      XL: |  1  2  3  4  5 |
---------------+----------------+-----
Conjurations   | 2 3 |  3.8
Earth Magic    | 1 2 3 |  3.0
Dodging        | |  2.0
Stealth        | |  2.6
Spellcasting   | |  2.0
Fire Magic     | |  3.0

Action                   |  1- 3 |  4- 6 || total
-------------------------+-------+-------++-------
Melee: Dagger            |    22 |       ||    22
       Constrict         |     6 |     4 ||    10
       Tentacles         |     6 |     3 ||     9
       Whip              |     7 |    15 ||    22
       Punch             |     2 |       ||     2
 Cast: Foxfire           |    68 |    37 ||   105
  Use: Scroll            |     1 |     9 ||    10
       Potion            |       |     2 ||     2
 Stab: Sleeping          |     2 |       ||     2
Armor: Skin              |     2 |    11 ||    13
Dodge: Dodged            |    18 |    13 ||    31

Table legend: (Time is in decaauts)
 A = Elapsed time spent in this place.
 B = Non-inter-level travel time spent in this place.
 C = Inter-level travel time spent in this place.
 D = Time resting spent in this place.
 E = Time spent auto-exploring this place.
 F = Levels seen in this place.
 G = Mean time per level.
                   A        B        C        D        E       F      G
               +--------+--------+--------+--------+--------+-----+--------+
         Total |   3570 |   3470 |    100 |    328 |   2691 |   4 |  892.5 |
       Dungeon |   3570 |   3470 |    100 |    328 |   2691 |   4 |  892.5 |
               +--------+--------+--------+--------+--------+-----+--------+

Top non-repeatable levels by time:
     D:1: 1480 daAuts
     D:2: 1046 daAuts
     D:3: 663 daAuts
     D:4: 380 daAuts

Table legend:
 A = Kills in this place as a percentage of kills in entire the game.
 B = Kills by you in this place as a percentage of kills by you in the entire game.
 C = Kills by friends in this place as a percentage of kills by friends in the entire game.
 D = Other kills in this place as a percentage of other kills in the entire game.
 E = Experience gained in this place as a percentage of experience gained in the entire game.
 F = Experience gained in this place divided by the number of levels of this place that you have seen.
                   A       B       C       D       E      F
               +-------+-------+-------+-------+-------+----------------------
         Total | 100.0 | 100.0 |   N/A |   N/A | 100.0 |  57.0
       Dungeon | 100.0 | 100.0 |   N/A |   N/A | 100.0 |  57.0
               +-------+-------+-------+-------+-------+----------------------
